 Dungeon Crawl Stone Soup version 0.21.1-1-g345015f (webtiles) character file.

662 CougarLife the Ruffian (level 7, -3/72 HPs)
             Began as a Troll Monk on May 24, 2018.
             Slain by a killer bee (9 damage)
             ... on level 4 of the Dungeon.
             The game lasted 00:05:13 (2687 turns).

CougarLife the Ruffian (Troll Monk)                 Turns: 2687, Time: 00:05:14

Health: -3/72      AC:  5    Str: 20    XL:     7   Next: 30%
Magic:  6/6        EV:  7    Int:  6    God:
Gold:   187        SH: 11    Dex: 14    Spells: 6/6 levels left

rFire    . . .     SeeInvis .     - Unarmed
rCold    . . .     Gourm    +   h - +0 large shield
rNeg     . . .     Faith    .   a - +0 robe
rPois    .         Spirit   .   (helmet restricted)
rElec    .         Reflect  .   (no cloak)
rCorr    .         Harm     .   (gloves unavailable)
MR       .....                  (boots unavailable)
Stlth    ++........             (no amulet)
HPRegen  0.62/turn              (no ring)
MPRegen  0.10/turn              (no ring)

@: lethally poisoned (-3 -> -15)
A: large, unfitting armour, claws 3, fast metabolism 3, gourmand, regeneration
1, shaggy fur 1, tough skin 2
a: no special abilities


You were on level 4 of the Dungeon.
You were completely stuffed.

You visited 2 branches of the dungeon, and saw 5 of its levels.

You collected 187 gold pieces.

Inventory:

Armour
 a - a +0 robe (worn)
 h - a +0 large shield (worn)
Jewellery
 d - an uncursed ring of magical power {unknown}
 o - a +3 ring of strength {unknown}
 s - an uncursed amulet of rage {unknown}
Wands
 r - a wand of iceblast (10)
Scrolls
 c - a scroll of amnesia {unknown}
 f - a scroll of teleportation
 g - a scroll of identify {unknown}
 j - 2 scrolls of fear
 k - a scroll of immolation {unknown}
 m - a scroll of random uselessness {unknown}
 p - a scroll of enchant weapon {unknown}
 q - a scroll of enchant armour {unknown}
Potions
 e - a potion of haste {unknown}
 i - 2 potions of curing {unknown}
 l - 2 potions of degeneration {unknown}
 n - a potion of might {unknown}
 u - a potion of brilliance {unknown}
Comestibles
 b - 7 rations
 t - a chunk of flesh


   Skills:
 - Level 5.0 Fighting
 + Level 4.3 Dodging
 - Level 1.0 Stealth
 - Level 5.1 Unarmed Combat


You had 6 spell levels left.
You didn't know any spells.

Dungeon Overview and Level Annotations

Branches:
Dungeon (4/15)             Temple (1/1) D:4

Altars:
Ashenzari
Cheibriados
Elyvilon
Fedhas
Gozag
Hepliaklqana
Kikubaaqudgha
Makhleb
Nemelex Xobeh
Qazlal
Sif Muna
Trog
Wu Jian
Xom
Yredelemnul
Zin
The Shining One


Innate Abilities, Weirdness & Mutations

You are too large for most types of armour.
You have claws for hands.
Your metabolism is lightning-fast.
You like to eat raw meat.
Your natural rate of healing is unusually fast.
You are covered in fur. (AC +1)
You have very tough skin. (AC +2)


Message History

* * * LOW HITPOINT WARNING * * *
You are more poisoned.
The killer bee poisons you! The killer bee stings you.
* * * LOW HITPOINT WARNING * * *
The killer bee barely misses you.
You scratch the killer bee.
The killer bee is moderately wounded.
You feel very sick. You block the killer bee's attack.
The killer bee stings you!
* * * LOW HITPOINT WARNING * * *
You are lethally poisoned!
The killer bee poisons you!
You miss the killer bee.
The killer bee is moderately wounded.
* * * LOW HITPOINT WARNING * * *
You feel very sick. You block the killer bee's attack.
The killer bee stings you but does no damage.
The killer bee stings you!
You die...

#.##...)#
#.##.##.##
#.##.#...##
#......_....
##.###...#.#
#.# ##.##.#
#.# #... #
#.####.###
#.@y...#
######......
#####


You could see a killer bee.

Vanquished Creatures
  Grinder (D:3)
  An ogre (D:4)
  3 killer bees (D:4)
  A hound (D:3)
  A worker ant (D:4)
  10 gnolls
  4 adders
  An ooze (D:3)
  2 dart slugs
  2 leopard geckos
  4 orcs (D:3)
  3 bats
  2 giant cockroaches
  5 goblins
  2 hobgoblins
  5 jackals
  5 kobolds
  A quokka (D:2)
  4 frilled lizards
  5 rats
62 creatures vanquished.

Notes
Turn   | Place    | Note
-------+----------+-------------------------------------------
     0 | D:1      | CougarLife the Troll Monk began the quest for the Orb.
     0 | D:1      | Reached XP level 1. HP: 22/22 MP: 0/0
   541 | D:1      | Reached XP level 2. HP: 21/29 MP: 1/1
  1122 | D:2      | Found a stormy altar of Qazlal.
  1142 | D:2      | Reached XP level 3. HP: 35/36 MP: 2/2
  1307 | D:2      | Reached XP level 4. HP: 21/44 MP: 3/3
  1316 | D:2      | Reached skill level 5 in Unarmed Combat
  1674 | D:3      | Found a basalt altar of Yredelemnul.
  1724 | D:3      | Noticed Grinder
  1738 | D:3      | Killed Grinder
  1738 | D:3      | Reached XP level 5. HP: 40/55 MP: 4/4
  1738 | D:3      | Reached XP level 6. HP: 45/63 MP: 5/5
  2024 | D:3      | Reached skill level 5 in Fighting
  2205 | D:3      | Found a burning altar of Makhleb.
  2284 | D:4      | Found a staircase to the Ecumenical Temple.
  2304 | Temple   | Entered the Ecumenical Temple
  2601 | D:4      | Found a hazy altar of Hepliaklqana.
  2608 | D:4      | Reached XP level 7. HP: 46/72 MP: 6/6
  2687 | D:4      | Slain by a killer bee

Skill      XL: |  1  2  3  4  5  6  7 |
---------------+----------------------+-----
Unarmed Combat | 4 5 |  5.1
Fighting       | 4 5 |  5.0
Dodging        | 3 4 |  4.3
Stealth        | |  1.0

Action                   |  1- 3 |  4- 6 |  7- 9 || total
-------------------------+-------+-------+-------++-------
Melee: Unarmed           |    77 |    88 |    20 ||   185
       Punch             |     1 |       |       ||     1
  Use: Scroll            |       |     2 |       ||     2
 Stab: Sleeping          |     7 |       |       ||     7
  Eat: Chunk             |    14 |    15 |     1 ||    30
Armor: Robe              |    36 |    12 |     7 ||    55
Dodge: Dodged            |    12 |    17 |     7 ||    36
Block: Large shield      |    43 |    44 |    17 ||   104
